 Dungeon Crawl Stone Soup version 0.31-a0-971-g75a2e9a4b4 (webtiles) character file.

Game seed: 829815945285808638

413 Maxmaps the Changeling (level 6, -2/38 HPs)
             Began as an Octopode Shapeshifter on Oct 28, 2023.
             Slain by a hound (4 damage)
             ... on level 5 of the Dungeon.
             The game lasted 00:03:08 (3770 turns).

Maxmaps the Changeling (Octopode Shapeshifter)      Turns: 3770, Time: 00:03:09

Health: -2/38      AC:  1    Str: 13    XL:     6   Next: 91%
Magic:  6/6        EV: 13    Int: 14    God:
Gold:   163        SH:  0    Dex: 12    Spells: 5/5 levels left

rFire   . .          .
                       - Unarmed
rCold   . . .        (no shield)
rNeg    . . .        (helmet currently unavailable)
rPois   .            (no amulet)
rElec   .            i - ring of flight
rCorr   .            (no ring)
SInv    .            (no ring)
Will    +....        (no ring)
Stlth   ++           (no ring)
HPRegen 0.26/turn    (no ring)
MPRegen 0.10/turn    (no ring)
                     (no ring)

%: no passive effects
@: beast-form, enlightened, flying
A: beast (slay +4), almost no armour, amphibious, 8 rings, camouflage 1,
gelatinous body 1, (nimble swimmer 1), tentacles
a: Begin Untransformation


You were on level 5 of the Dungeon.
You were a hulking beast.
You visited 1 branch of the dungeon, and saw 5 of its levels.

You collected 163 gold pieces.

Inventory:

Jewellery
 i - a ring of flight (left tentacle)
Talismans
 b - a beast talisman
 c - a flux talisman
Scrolls
 k - a scroll of fear
Potions
 d - 3 potions of brilliance
 e - a potion of haste
 f - 2 potions of curing
 g - a potion of mutation
 j - a potion of resistance {unknown}
 o - a potion of heal wounds {unknown}


   Skills:
 - Level 1.0 Fighting
 - Level 2.0 Dodging
 - Level 3.0 Unarmed Combat
 + Level 7.0 Shapeshifting


You had 5 spell levels left.
You didn't know any spells.
Your spell library contained the following spells:

 Spells                   Type           Power      Damage    Failure   Level
 Blink                    Tloc           0%         N/A       41%         2
 Lesser Beckoning         Tloc           0%         N/A       41%         2
 Momentum Strike          Conj/Tloc      0%         3d8       41%         2
 Sublimation of Blood     Necr           0%         N/A       41%         2
 Wereblood                Tmut           0%         N/A       41%         2
 Summon Hydra             Summ           0%         N/A       100%        7


Dungeon Overview and Level Annotations

Branches:
Dungeon (5/15)
 Temple: D:4-7

Altars:
Elyvilon
Vehumet


Innate Abilities, Weirdness & Mutations

You are a hulking beast.
Your limbs bulge with bestial killing power. (Slay +4)
You cannot wear most types of armour.
You are amphibious.
You can wear up to eight rings at the same time.
Your skin changes colour to match your surroundings (Stealth+).
Your rubbery body absorbs attacks. (AC +1, EV +1)
((You are camouflaged when in or above water. (Stealth+)))
You have tentacles for arms and can constrict up to eight enemies at once.


Message History

You feel less attractive to monsters.
You start resting.
HP restored.
It was a potion of enlightenment.
You feel more buoyant.
An ogre is nearby!
An ogre is nearby!
A hound comes into view.
The helpless ogre fails to defend itself.
You tentacle-slap the ogre.
The ogre is lightly wounded.
The ogre hits you with a +0 giant club!!
Ouch! That really hurt!
* * * LOW HITPOINT WARNING * * *
You are too injured to fight recklessly!
You are too injured to fight recklessly!
You tentacle-slap the ogre but do no damage.
The ogre is lightly wounded.
You bludgeon the ogre!
The ogre is moderately wounded.
The ogre closely misses you.
You tentacle-slap the ogre. You squeeze the ogre!
The ogre is almost dead.
The ogre misses you.
You tentacle-slap the ogre.
You kill the ogre!
The hound bites you.
* * * LOW HITPOINT WARNING * * *
Your Shapeshifting skill increases to level 7!
You tentacle-slap the hound but do no damage.
You grab the hound.
You constrict the hound, but do no damage.
The hound bites you.
* * * LOW HITPOINT WARNING * * *
You tentacle-slap the hound. You squeeze the hound!
The hound is severely wounded.
You constrict the hound. The hound bites you.
* * * LOW HITPOINT WARNING * * *
The hound bites you.
You die...

#.# #.# #.#
#######.###
..........#
####..#.#.#
.......#.#
############.######
#.....hh............
#.##########$.##.#..
...# ..## .... .#.#
.>... ..


You could see a hound.

Vanquished Creatures
  An ice beast (D:5)
  2 ogres
  A sleepcap (D:4)
  5 adders
  A worm (D:2)
  A dart slug (D:1)
  5 orcs
  5 bats
  2 endoplasms (D:2)
  4 giant cockroaches
  7 goblins
  5 hobgoblins
  4 quokkas
  2 training dummies (D:4)
  14 ball pythons
  12 kobolds
  5 rats
76 creatures vanquished.

Notes
Turn   | Place    | Note
-------+----------+-------------------------------------------
     0 | D:1      | Maxmaps the Octopode Shapeshifter began the quest for the
                  | Orb.
     0 | D:1      | Reached XP level 1. HP: 13/13 MP: 1/1
   234 | D:1      | Reached XP level 2. HP: 18/18 MP: 2/2
   804 | D:2      | Reached skill level 4 in Shapeshifting
   804 | D:2      | Reached XP level 3. HP: 16/23 MP: 3/3
  1492 | D:2      | Reached XP level 4. HP: 13/28 MP: 4/4
  1754 | D:3      | Found a white marble altar of Elyvilon.
  2327 | D:3      | Reached skill level 5 in Shapeshifting
  2994 | D:4      | Noticed an ogre
  3017 | D:4      | Killed an ogre
  3018 | D:4      | Reached XP level 5. HP: 27/33 MP: 5/5
  3118 | D:4      | Reached skill level 6 in Shapeshifting
  3385 | D:4      | Reached XP level 6. HP: 33/38 MP: 6/6
  3414 | D:4      | Found a radiant altar of Vehumet.
  3599 | D:5      | Entered Level 5 of the Dungeon
  3610 | D:5      | Noticed an ice beast
  3622 | D:5      | Killed an ice beast
  3769 | D:5      | Reached skill level 7 in Shapeshifting
  3770 | D:5      | Slain by a hound

Illustrated notes

Levels and vault maps discovered:
D:1:      lemuel_arrival_lava_pool, layout_basic, minmay_misc_feat_nine_boxes
D:2:      layout_loops_ring, minmay_shallow_snake_nest
D:3:      layout_basic, mainiacjoe_overflow_paths, minmay_goblin_kobold_house
D:4:      dreamdust_elfheim, layout_cave_pools,
          mainiacjoe_overflow_cross_hatched, kennysheep_generic_room_13
D:5:      layout_basic, zin_purify

Skill      XL: |  1  2  3  4  5  6 |
---------------+-------------------+-----
Shapeshifting  | 4 5 6 7 |  7.0
Fighting       | |  1.0
Dodging        | |  2.0
Unarmed Combat | |  3.0

Action                     |  1- 3 |  4- 6 || total
---------------------------+-------+-------++-------
  Melee: Unarmed           |    63 |    89 ||   152
         Constrict         |    15 |    20 ||    35
         Tentacles         |    10 |    13 ||    23
         Punch             |     2 |     1 ||     3
    Use: Scroll            |     3 |     7 ||    10
         Potion            |       |     3 ||     3
   Stab: Sleeping          |    11 |     7 ||    18
 Armour: Skin              |    26 |    42 ||    68
  Dodge: Dodged            |    32 |    48 ||    80

Table legend: (Time is in decaauts)
 A = Elapsed time spent in this place.
 B = Non-inter-level travel time spent in this place.
 C = Inter-level travel time spent in this place.
 D = Time resting spent in this place.
 E = Time spent auto-exploring this place.
 F = Levels seen in this place.
 G = Mean time per level.
                   A        B        C        D        E       F      G
               +--------+--------+--------+--------+--------+-----+--------+
         Total |   3760 |   3654 |    106 |    459 |   2707 |   5 |  752.0 |
       Dungeon |   3760 |   3654 |    106 |    459 |   2707 |   5 |  752.0 |
               +--------+--------+--------+--------+--------+-----+--------+

Top non-repeatable levels by time:
     D:3: 1187 daAuts
     D:2: 860 daAuts
     D:1: 786 daAuts
     D:4: 755 daAuts
     D:5: 169 daAuts
